 Dungeon Crawl Stone Soup version 0.28-a0-919-g0b5b508569 (webtiles) character file.

Game seed: 15811027635499463847

142844 bearlyready the Gnoll Aeon (level 17, -3/135 HPs)
             Began as a Gnoll Warper on Nov 25, 2021.
             Was the Champion of Cheibriados.
             Killed by the raging water
             ... invoked by a water nymph
              (41 damage)
             ... on level 3 of the Shoals.
             The game lasted 00:48:38 (29091 turns).

bearlyready the Gnoll Aeon (Gnoll Warper)          Turns: 29091, Time: 00:48:38

Health: -3/135     AC: 40    Str: 32    XL:     17   Next: 36%
Magic:  33/33      EV: 18    Int: 31    God:    Cheibriados [******]
Gold:   279        SH: 20    Dex: 27    Spells: 29/41 levels left

rFire   + . .      SeeInvis +   a - +7 morningstar "Ikamypnaips" {freeze, rElec}
rCold   + . .      Faith    .   B - +0 kite shield
rNeg    . . .      Spirit   .   G - +16 plate armour of the Black Moon {rC+}
rPois   +          Reflect  +   u - +1 helmet {SInv}
rElec   +          Harm     .   h - +2 cloak
rCorr   .          Rampage  .   n - +0 pair of gloves
Will    +....                   N - +0 pair of boots
Stlth   +.........              W - amulet of reflection
HPRegen 0.32/turn               d - +4 ring of slaying
MPRegen 0.23/turn               g - ring "Doisit" {Fly rPois rF+ Int+3}

@: flying, very slow
A: fangs 1, strong nose, distributed training
a: Renounce Religion, Bend Time, Temporal Distortion, Slouch, Step From Time


You were on level 3 of the Shoals.
You worshipped Cheibriados.
Cheibriados was exalted by your worship.
You visited 5 branches of the dungeon, and saw 27 of its levels.
You also visited: Bailey and Volcano.

You collected 2781 gold pieces.
You spent 2502 gold pieces at shops.

Inventory:

Hand Weapons
 a - the +7 morningstar "Ikamypnaips" (weapon) {freeze, rElec}
   (You found it on level 4 of the Dungeon)

   It freezes those it strikes, dealing additional cold damage.
   It can also slow down cold-blooded creatures.
   rElec:     It insulates you from electricity.
 b - a +0 fustibalus of venom
 w - a +0 eveningstar of draining
Missiles
 i - 339 sling bullets
 l - 1080 stones
 o - a silver javelin
 t - 3 throwing nets
 O - a javelin (quivered)
 V - 11 boomerangs
Armour
 h - a +2 cloak (worn)
 n - a +0 pair of gloves (worn)
 u - a +1 helmet of see invisible (worn)
 B - a +0 kite shield (worn)
 G - the +16 plate armour of the Black Moon (worn) {rC+}
   (You found it in a bailey)

   rC:        It protects you from cold.
 N - a +0 pair of boots (worn)
Jewellery
 d - a +4 ring of slaying (left hand)
 g - the ring "Doisit" (right hand) {Fly rPois rF+ Int+3}
   (You bought it in a shop on level 15 of the Dungeon)

   [ring of flight]

   Int:       It affects your intelligence (+3).
   rF:        It protects you from fire.
   rPois:     It protects you from poison.
   Fly:       It grants you flight.
 W - an amulet of reflection (around neck)
Wands
 f - a wand of iceblast (5)
 y - a wand of polymorph (20)
 z - a wand of digging (6)
 C - a wand of mindburst (2)
 L - a wand of paralysis (19)
 T - a wand of flame (59)
Scrolls
 s - 3 scrolls of enchant weapon
 x - a scroll of holy word
 D - 2 scrolls of immolation
 E - a scroll of blinking
 F - a scroll of brand weapon
 I - a scroll of silence
 J - a scroll of torment
 K - 2 scrolls of enchant armour
 M - 3 scrolls of fog
 Q - 4 scrolls of fear
 S - a scroll of magic mapping
 X - 3 scrolls of summoning
 Y - 5 scrolls of amnesia
 Z - 3 scrolls of teleportation
Potions
 e - a potion of resistance
 j - 2 potions of cancellation
 k - 2 potions of lignification
 m - 2 potions of heal wounds
 p - 7 potions of invisibility
 q - a potion of degeneration {unknown}
 r - 7 potions of curing
 v - a potion of ambrosia {unknown}
 A - 3 potions of might
 H - 3 potions of brilliance {unknown}
 R - 2 potions of mutation
 U - 2 potions of flight
Miscellaneous
 c - a condenser vane
 P - a phial of floods


   Skills:
 + Level 12.4 Fighting
 + Level 11.6 Short Blades
 + Level 11.6 Long Blades
 + Level 11.6 Axes
 + Level 12.4 Maces & Flails
 + Level 11.6 Polearms
 + Level 11.6 Staves
 + Level 11.6 Slings
 + Level 11.6 Bows
 + Level 11.6 Crossbows
 + Level 11.9 Throwing
 + Level 11.9 Armour
 + Level 12.4 Dodging
 + Level 11.6 Stealth
 + Level 11.6 Shields
 + Level 11.6 Unarmed Combat
 + Level 12.6 Spellcasting
 + Level 9.8 Conjurations
 + Level 9.8 Hexes
 + Level 9.8 Summonings
 + Level 9.8 Necromancy
 + Level 11.2 Translocations
 + Level 9.8 Transmutations
 + Level 9.8 Fire Magic
 + Level 9.8 Ice Magic
 + Level 9.8 Air Magic
 + Level 9.8 Earth Magic
 + Level 9.8 Poison Magic
 + Level 12.6 Invocations
 + Level 11.6 Evocations


You had 29 spell levels left.
You knew the following spells:

 Your Spells              Type           Power      Damage    Failure   Level
a - Blink                 Tloc           100%       N/A       1%          2
b - Passwall              Tmut/Erth      57%        N/A       1%          2
c - Manifold Assault      Tloc           73%        N/A       6%          5
d - Teleport Other        Tloc           73%        N/A       1%          3

Your spell library contained the following spells:

 Spells                   Type           Power      Damage    Failure   Level
 Foxfire                  Conj/Fire      100%       2x1d9     1%          1
 Magic Dart               Conj           100%       1d8       1%          1
 Call Imp                 Summ           69%        N/A       1%          2
 Static Discharge         Conj/Air       69%        N/A       1%          2
 Conjure Flame            Conj/Fire      69%        6-21      1%          3
 Gell's Gravitas          Tloc           73%        N/A       1%          3
 Inner Flame              Hex/Fire       69%        N/A       1%          3
 Lesser Beckoning         Tloc           73%        N/A       1%          3
 Mephitic Cloud           Conj/Pois/Air  69%        N/A       1%          3
 Stone Arrow              Conj/Erth      100%       3d13      1%          3
 Swiftness                Air            69%        N/A       1%          3
 Airstrike                Air            34%        N/A       4%          4
 Animate Armour           Summ/Erth      100%       N/A       4%          4
 Flame Wave               Conj/Fire      69%        3d12      4%          4
 Summon Lightning Spire   Summ/Air       69%        N/A       4%          4
 Blade Hands              Tmut           34%        N/A       11%         5
 Lightning Bolt           Conj/Air       34%        1d52      11%         5
 Iron Shot                Conj/Erth      34%        9d7       52%         6
 Malign Gateway           Summ/Tloc      35%        N/A       94%         7
 Borgnjor's Revivificati  Necr           34%        N/A       100%        8
 Lehudib's Crystal Spear  Conj/Erth      34%        10d9      100%        8
 Maxwell's Capacitive Co  Air            34%        ∞         100%        8
 Necromutation            Tmut/Necr      34%        N/A       100%        8
 Summon Horrible Things   Summ           34%        N/A       100%        8
 Death's Door             Necr           34%        N/A       100%        9


Dungeon Overview and Level Annotations

Branches:
Dungeon (15/15)            Temple (1/1) D:4            Lair (6/6) D:11
 Shoals (3/4) Lair:2       Spider (0/4) Lair:3        Slime (0/5) Lair:6
    Orc (2/2) D:11            Elf (0/3) Orc:2        Vaults (0/5) D:14
 Depths (0/4) D:15         Bailey (visited)         Volcano (visited)

Altars:
Ashenzari
Cheibriados
Dithmenos
Elyvilon
Fedhas
Gozag
Hepliaklqana
Kikubaaqudgha
Makhleb
Nemelex Xobeh
Okawaru
Qazlal
Ru
Sif Muna
Trog
Uskayaw
Vehumet
Wu Jian
Xom
Yredelemnul
Zin
The Shining One
Jiyva

Shops:
D:4 (   D:15 =   Orc:2 (:(*


Innate Abilities, Weirdness & Mutations

You have very sharp teeth.
Your uncanny sense of smell can sniff out nearby items.
Your experience applies equally to all skills.


Message History

The alligator snapping turtle bites you!
Aiming: Iceblast
Press: ? - help, Shift-Dir - straight line, f/p - merfolk
Aim: a merfolk, wielding a +0 trident and wearing a +0 scale mail (almost dead)
The mass of ice explodes!
The iceblast engulfs the merfolk!!
You kill the merfolk!
Cheibriados appreciates the change of pace.
You hear a splash. x2
The iceblast engulfs the alligator snapping turtle!!
You kill the alligator snapping turtle!
Cheibriados appreciates the change of pace.
You block the snapping turtle's attack. The snapping turtle bites you!
You block the snapping turtle's attack.
You skewer the snapping turtle like a kebab!!!
You freeze the snapping turtle!
The snapping turtle is severely wounded.
The snapping turtle bites you!
* * * LOW HITPOINT WARNING * * *
You hit the snapping turtle but do no damage.
The snapping turtle is severely wounded.
You block the snapping turtle's attack.
Aiming: Throw Flame
Press: ? - help, Shift-Dir - straight line, f - snapping turtle
Aim: a snapping turtle (severely wounded, 92% to hit)
The puff of flame misses the snapping turtle.
The snapping turtle is engulfed in a cloud of scalding steam.
The snapping turtle bites you but does no damage.
You completely miss the snapping turtle.
The snapping turtle is almost dead.
The snapping turtle is engulfed in a cloud of scalding steam.
You kill the snapping turtle!
Cheibriados appreciates the change of pace.
You see here a snapping turtle corpse.
A water nymph comes into view.
A water nymph is nearby!
A water nymph is nearby!
A water nymph is nearby!
The water nymph points at you and mumbles some strange words.
The water rises up and strikes you!!!
You die...

≈≈≈≈≈≈≈≈≈≈≈≈≈≈≈≈≈≈≈≈≈≈≈≈≈≈≈
≈≈≈≈≈≈≈≈≈≈≈≈≈≈≈≈≈≈≈≈≈≈≈≈≈≈≈
≈≈≈≈≈≈≈≈≈≈≈≈≈≈≈≈≈≈≈≈≈≈≈≈≈≈≈
≈≈≈≈≈≈≈≈≈≈≈≈≈≈≈≈≈≈≈≈≈≈≈≈≈≈≈
≈≈≈≈≈≈≈≈≈≈≈≈≈≈≈≈≈≈≈≈≈≈≈≈≈≈≈
≈≈≈≈≈≈≈≈≈≈≈≈≈≈≈≈≈≈≈≈≈≈≈≈≈≈≈
≈≈≈≈≈≈≈≈≈≈≈≈≈≈≈≈≈≈≈≈≈≈≈≈≈≈≈
≈≈≈≈≈≈≈≈≈≈≈≈≈≈≈≈≈≈≈≈≈≈≈$≈≈≈
≈≈≈≈≈≈≈≈≈≈≈≈≈≈≈≈@≈≈))≈≈≈≈≈≈
≈≈≈≈≈.....≈≈≈≈≈≈≈≈≈†≈))≈≈≈≈
≈≈≈≈........≈≈≈≈†≈)≈≈≈≈≈≈≈≈
≈≈≈..........≈≈≈≈≈..≈≈≈≈≈≈≈
....?≈≈≈....≈≈≈≈..
...#..≈≈.##..≈)(≈.
......≈≈.. ..≈((.(
≈..≈≈m≈(≈≈.......
...≈≈≈≈≈≈≈≈ ....


You could see a water nymph.

Vanquished Creatures
  3 krakens
  Donald (Shoals:3)
  A frost giant (D:15)
  Nessos (D:15)
  4 dire elephants (Lair:6)
  2 merfolk javelineers
  Snorg (D:14)
  2 merfolk impalers
  A catoblepas (Lair:3)
  2 merfolk avatars (Shoals:1)
  10 hydras
  4 boulder beetles
  A merfolk aquamancer (Shoals:3)
  The ghost of Atlas the Geomancer, a journeyman DgEE (D:11)
  A satyr (Shoals:3)
  6 centaur warriors
  An alligator snapping turtle (Shoals:3)
  3 two-headed ogres
  2 tengu warriors (D:15)
  A dancing weapon (D:11)
  6 death yaks
  2 spectral dire elephants (Lair:6)
  An orc high priest (Orc:2)
  A spectral death yak (Lair:6)
  4 sea snakes
  A spectral anaconda (Lair:6)
  5 harpies (Shoals:2)
  A wizard (D:15)
  An orc knight (Bailey)
  3 deep elf pyromancers
  5 necromancers
  5 lindwurms
  18 fauns
  An obsidian statue (Lair:6)
  18 ugly things
  A wolf spider (Lair:3)
  5 orc sorcerers (Orc:2)
  7 manticores
  8 cyclopes
  A toenail golem (Volcano)
  30 elephants
  8 black mambas
  A gargoyle (D:12)
  5 merfolk sirens
  4 water nymphs
  2 molten gargoyles (Volcano)
  3 centaur zombies
  Psyche (D:11)
  3 rime drakes
  A dire elephant skeleton (Lair:6)
  13 cane toads
  An unseen horror (D:12)
  14 komodo dragons
  A yaktaur (D:15)
  A tengu conjurer (D:15)
  2 efreet (Volcano)
  9 trolls
  3 jumping spiders (Lair:3)
  3 wind drakes (Shoals:1)
  20 merfolk
  18 slime creatures
  2 spectral elephants (Lair:6)
  20 blink frogs
  17 dream sheep
  4 snapping turtles
  2 centaur simulacra (D:15)
  54 yaks
  A shadow (D:9)
  A vampire (D:14)
  A redback (Lair:3)
  5 water elementals
  8 wyverns
  2 wraiths (D:11)
  3 fire elementals (Volcano)
  2 basilisks
  A steam dragon (D:7)
  2 spectral cane toads (Lair:6)
  An acid dragon (D:8)
  19 water moccasins
  5 ice beasts
  3 black bears
  3 sky beasts
  18 orc warriors
  A hornet zombie (D:8)
  4 ogres
  An elephant zombie (Lair:6)
  15 wolves
  18 centaurs
  2 phantoms
  2 kobold brigands
  12 bullfrogs
  A wyvern zombie (D:6)
  2 cane toad simulacra (Lair:6)
  3 earth elementals (Volcano)
  A water moccasin skeleton (D:6)
  A wyvern skeleton (D:5)
  9 killer bees
  A wight (D:8)
  2 elephant simulacra (Lair:6)
  3 howler monkeys
  4 hounds
  A jelly (D:5)
  20 orc priests
  2 bullfrog skeletons
  A gnoll shaman (D:6)
  A centaur skeleton (D:7)
  2 iguanas (D:6)
  Crazy Yiuf (D:6)
  38 orc wizards
  A killer bee zombie (D:5)
  A hound zombie (D:5)
  A hound skeleton (D:4)
  8 adders
  13 gnolls
  A white imp (D:8)
  3 ufetubi
  2 worms
  A dart slug (D:2)
  73 orcs
  3 ball pythons
  9 endoplasms
  3 giant cockroaches
  13 hobgoblins
  4 jackals (D:4)
  4 quokkas
  5 bats
  3 frilled lizards
  6 goblins
  61 kobolds
  A rat (D:3)
  A bush (Lair:6)
  4 fire vortices (Volcano)
  11 tentacles
839 creatures vanquished.

Vanquished Creatures (collateral kills)
  A hornet (D:8)
  8 wights (D:8)
  2 killer bees (D:8)
  An orc wizard (D:8)
  2 orcs (D:8)
14 creatures vanquished.

Vanquished Creatures (others)
  2 manticores
  An orc wizard (Orc:2)
  A bush (Lair:5)
  63 fungi
  128 plants
  41 tentacles
  20 withered plants (Lair:6)
256 creatures vanquished.

Grand Total: 1109 creatures vanquished

Notes
Turn   | Place    | Note
-------+----------+-------------------------------------------
     0 | D:1      | bearlyready the Gnoll Warper began the quest for the Orb.
     0 | D:1      | Reached XP level 1. HP: 20/20 MP: 6/6
   227 | D:1      | Reached XP level 2. HP: 15/26 MP: 7/7
   749 | D:1      | Reached XP level 3. HP: 24/31 MP: 9/9
  1097 | D:2      | Reached skill level 5 in Spellcasting
  1692 | D:2      | Reached skill level 1 in Short Blades
  1692 | D:2      | Reached skill level 1 in Long Blades
  1692 | D:2      | Reached skill level 1 in Axes
  1692 | D:2      | Reached skill level 1 in Polearms
  1692 | D:2      | Reached skill level 1 in Staves
  1692 | D:2      | Reached skill level 1 in Slings
  1692 | D:2      | Reached skill level 1 in Bows
  1692 | D:2      | Reached skill level 1 in Crossbows
  1692 | D:2      | Reached skill level 1 in Stealth
  1692 | D:2      | Reached skill level 1 in Shields
  1692 | D:2      | Reached skill level 1 in Unarmed Combat
  1692 | D:2      | Reached skill level 1 in Invocations
  1692 | D:2      | Reached skill level 1 in Evocations
  1692 | D:2      | Reached XP level 4. HP: 31/38 MP: 11/11
  2472 | D:3      | Reached skill level 1 in Conjurations
  2472 | D:3      | Reached skill level 1 in Hexes
  2472 | D:3      | Reached skill level 1 in Summonings
  2472 | D:3      | Reached skill level 1 in Necromancy
  2472 | D:3      | Reached skill level 1 in Transmutations
  2472 | D:3      | Reached skill level 1 in Fire Magic
  2472 | D:3      | Reached skill level 1 in Ice Magic
  2472 | D:3      | Reached skill level 1 in Air Magic
  2472 | D:3      | Reached skill level 1 in Earth Magic
  2472 | D:3      | Reached skill level 1 in Poison Magic
  3219 | D:4      | Found Bumpaul's Antique Weapon Emporium.
  3275 | D:4      | Found a staircase to the Ecumenical Temple.
  3312 | D:4      | Reached XP level 5. HP: 39/43 MP: 12/12
  3318 | Temple   | Entered the Ecumenical Temple
  3446 | Temple   | Became a worshipper of Cheibriados the Contemplative
  3841 | D:4      | Identified the +7 whip "Onehogee" {pain, +Blink rF+ rC-}
  3872 | D:4      | Reached XP level 6. HP: 50/50 MP: 13/13
  3896 | D:4      | Found a hide-covered altar of Uskayaw.
  3898 | D:4      | Found an opulent altar of Gozag.
  3898 | D:4      | Found a shadowy altar of Dithmenos.
  3900 | D:4      | Found a basalt altar of Yredelemnul.
  3900 | D:4      | Found a snail-covered altar of Cheibriados.
  3900 | D:4      | Found a shimmering altar of Xom.
  4012 | D:4      | Noticed a sky beast
  4021 | D:4      | Killed a sky beast
  4022 | D:4      | Reached skill level 5 in Fighting
  4022 | D:4      | Reached skill level 5 in Maces & Flails
  4022 | D:4      | Reached skill level 5 in Dodging
  4094 | D:4      | Reached * piety under Cheibriados
  4381 | D:4      | Identified the +7 morningstar "Ikamypnaips" {freeze, rElec}
  4522 | D:4      | Reached ** piety under Cheibriados
  4526 | D:4      | Reached XP level 7. HP: 55/56 MP: 15/15
  4924 | D:5      | Entered Level 5 of the Dungeon
  4963 | D:5      | Reached *** piety under Cheibriados
  5567 | D:5      | Reached XP level 8. HP: 53/63 MP: 16/16
  6307 | D:6      | Reached **** piety under Cheibriados
  6380 | D:6      | Reached XP level 9. HP: 69/69 MP: 18/18
  6830 | D:6      | Found a runed translucent door.
  6831 | D:6      | Noticed Crazy Yiuf
  6916 | D:6      | Killed Crazy Yiuf
  7226 | D:7      | Reached skill level 5 in Throwing
  7226 | D:7      | Reached skill level 5 in Armour
  7378 | D:7      | Reached skill level 5 in Invocations
  7850 | D:7      | Noticed a boulder beetle
  8485 | D:8      | Noticed a hornet
  8498 | D:8      | Found a shadowy altar of Dithmenos.
  8501 | D:8      | Killed a hornet
  8501 | D:8      | Reached ***** piety under Cheibriados
  8502 | D:8      | Reached XP level 10. HP: 68/77 MP: 20/20
  8598 | D:8      | Reached skill level 5 in Short Blades
  8598 | D:8      | Reached skill level 5 in Long Blades
  8598 | D:8      | Reached skill level 5 in Axes
  8598 | D:8      | Reached skill level 5 in Polearms
  8598 | D:8      | Reached skill level 5 in Staves
  8598 | D:8      | Reached skill level 5 in Slings
  8598 | D:8      | Reached skill level 5 in Bows
  8598 | D:8      | Reached skill level 5 in Crossbows
  8598 | D:8      | Reached skill level 5 in Stealth
  8598 | D:8      | Reached skill level 5 in Shields
  8598 | D:8      | Reached skill level 5 in Unarmed Combat
  8598 | D:8      | Reached skill level 5 in Evocations
  8602 | D:8      | Found a flagged portal.
  8617 | D:8      | Noticed a two-headed ogre
  8641 | D:8      | Killed a two-headed ogre
  8649 | D:8      | Identified the +4 hand axe "Ufoch" {vorpal, rC+ MP+9}
  8771 | Bailey   | Entered a bailey
  8966 | Bailey   | Noticed an orc knight
  8978 | Bailey   | Killed an orc knight
  9130 | Bailey   | Found a bloodstained altar of Trog.
  9137 | Bailey   | Identified the +16 plate armour of the Black Moon {rC+}
  9152 | Bailey   | Learned a level 2 spell: Blink
  9677 | D:8      | Found a white marble altar of Elyvilon.
  9805 | D:9      | Found an ancient bone altar of Kikubaaqudgha.
  9919 | D:9      | Found a sparkling altar of Nemelex Xobeh.
 10187 | D:9      | Reached XP level 11. HP: 84/84 MP: 22/22
 10285 | D:9      | Reached skill level 5 in Conjurations
 10285 | D:9      | Reached skill level 5 in Hexes
 10285 | D:9      | Reached skill level 5 in Summonings
 10285 | D:9      | Reached skill level 5 in Necromancy
 10285 | D:9      | Reached skill level 5 in Transmutations
 10285 | D:9      | Reached skill level 5 in Fire Magic
 10285 | D:9      | Reached skill level 5 in Ice Magic
 10285 | D:9      | Reached skill level 5 in Air Magic
 10285 | D:9      | Reached skill level 5 in Earth Magic
 10285 | D:9      | Reached skill level 5 in Poison Magic
 10581 | D:9      | Reached ****** piety under Cheibriados
 10673 | D:9      | Found a broken altar of Ashenzari.
 10673 | D:9      | Found an ornate altar of the Wu Jian Council.
 10714 | D:9      | Found a hazy altar of Hepliaklqana.
 10752 | D:10     | Entered Level 10 of the Dungeon
 11330 | D:11     | Identified the ring of Dyiridal {Drain rElec rF- SInv
                  | Stlth+}
 11389 | D:11     | Noticed a two-headed ogre
 11399 | D:11     | Killed a two-headed ogre
 11480 | D:11     | Noticed Psyche
 11485 | D:11     | Found a staircase to the Orcish Mines.
 11485 | D:11     | Killed Psyche
 11577 | D:11     | Noticed a cyclops
 11587 | D:11     | Killed a cyclops
 11622 | D:11     | Found a runed translucent door.
 11626 | D:11     | Found a shimmering altar of Xom.
 11626 | D:11     | Noticed Atlas's ghost (journeyman DgEE)
 11635 | D:11     | Noticed a +0 war axe of chaos
 11849 | D:11     | Found a staircase to the Lair.
 12307 | D:12     | Noticed a deep elf pyromancer
 12328 | D:12     | Killed a deep elf pyromancer
 12514 | D:12     | Noticed a boulder beetle
 12524 | D:12     | Killed a boulder beetle
 12579 | D:12     | Reached XP level 12. HP: 66/93 MP: 24/24
 13214 | D:13     | Noticed a boulder beetle
 13224 | D:13     | Killed a boulder beetle
 13288 | D:13     | Noticed a centaur warrior
 13296 | D:13     | Killed a centaur warrior
 13382 | D:13     | You fall into a shaft and drop 1 floor!
 13387 | D:14     | Found a shimmering blue altar of Sif Muna.
 13411 | D:14     | Noticed a centaur warrior
 13419 | D:14     | Killed a centaur warrior
 13550 | D:14     | Learned a level 2 spell: Passwall
 13689 | D:14     | Noticed a centaur warrior
 13696 | D:14     | Killed a centaur warrior
 13791 | D:14     | Noticed a centaur warrior
 13806 | D:14     | Killed a centaur warrior
 13807 | D:14     | Reached XP level 13. HP: 79/101 MP: 26/26
 14139 | D:14     | Noticed Snorg
 14152 | D:14     | Killed Snorg
 14459 | D:14     | Found a gate to the Vaults.
 14483 | D:14     | Identified the +2 war axe of the Endless Visions {vorpal,
                  | Int+4 SInv}
 14765 | D:15     | Entered Level 15 of the Dungeon
 14819 | D:15     | Found a sacrificial altar of Ru.
 15027 | D:15     | Found a staircase to the Depths.
 15027 | D:15     | Noticed a frost giant
 15038 | D:15     | Killed a frost giant
 15333 | D:15     | Found Goog's Jewellery Shoppe.
 15342 | D:15     | Reached skill level 10 in Spellcasting
 15540 | D:15     | Bought the ring "Doisit" {Fly rPois rF+ Int+3} for 462 gold
                  | pieces
 15561 | D:15     | Noticed Nessos
 15575 | D:15     | Killed Nessos
 16267 | D:11     | Reached skill level 10 in Fighting
 16267 | D:11     | Reached skill level 10 in Maces & Flails
 16267 | D:11     | Reached skill level 10 in Dodging
 16267 | D:11     | Reached XP level 14. HP: 110/110 MP: 28/28
 16274 | D:11     | Killed Atlas's ghost
 16416 | Lair:1   | Entered Level 1 of the Lair of Beasts
 16432 | Lair:1   | Learned a level 5 spell: Manifold Assault
 16436 | Lair:1   | Learned a level 3 spell: Teleport Other
 17090 | Lair:1   | Identified the +4 hunting sling of Mutilation {freeze,
                  | *Slow Int+3 Dex+8 Stlth+}
 17156 | Lair:1   | You are sucked into a shaft and drop 1 floor!
 17711 | Lair:2   | Reached skill level 10 in Invocations
 17947 | Lair:2   | Found a staircase to the Shoals.
 18307 | Lair:2   | Identified the +0 dagger of Ulyod {freeze, Will+ Str+6}
 18663 | Lair:3   | Found a hole to the Spider Nest.
 19722 | Lair:4   | Reached skill level 10 in Throwing
 19722 | Lair:4   | Reached skill level 10 in Armour
 19840 | Lair:4   | Identified a scroll of acquirement
 19850 | Lair:4   | Acquired 298 gold pieces
 20311 | Lair:5   | Reached XP level 15. HP: 70/117 MP: 29/29
 20725 | Lair:5   | Reached skill level 10 in Translocations
 20956 | Lair:5   | Reached skill level 10 in Short Blades
 20956 | Lair:5   | Reached skill level 10 in Long Blades
 20956 | Lair:5   | Reached skill level 10 in Axes
 20956 | Lair:5   | Reached skill level 10 in Polearms
 20956 | Lair:5   | Reached skill level 10 in Staves
 20956 | Lair:5   | Reached skill level 10 in Slings
 20956 | Lair:5   | Reached skill level 10 in Bows
 20956 | Lair:5   | Reached skill level 10 in Crossbows
 20956 | Lair:5   | Reached skill level 10 in Stealth
 20956 | Lair:5   | Reached skill level 10 in Shields
 20956 | Lair:5   | Reached skill level 10 in Unarmed Combat
 20956 | Lair:5   | Reached skill level 10 in Evocations
 21400 | Lair:6   | Entered Level 6 of the Lair of Beasts
 22423 | Lair:6   | Found a staircase to the Slime Pits.
 22424 | Lair:6   | Found a viscous altar of Jiyva.
 22831 | Lair:6   | Reached XP level 16. HP: 126/126 MP: 31/31
 23412 | Lair:6   | Identified the ring of Rosasut {Ice rPois rN+ rCorr}
 23782 | Orc:1    | Entered Level 1 of the Orcish Mines
 23864 | Orc:2    | Entered Level 2 of the Orcish Mines
 23874 | Orc:2    | Found a staircase to the Elven Halls.
 23899 | Orc:2    | Found a dark tunnel.
 23908 | Volcano  | Entered a volcano
 24949 | Orc:2    | Found Ruatuzos's Book Emporium.
 24949 | Orc:2    | Found Ogegh's Antique Weapon Emporium.
 24951 | Orc:2    | Found Qyc Fuff's Antique Weapon Shoppe.
 24979 | Orc:2    | Found Qatsunif's General Store.
 24983 | Orc:2    | Bought a potion of curing for 45 gold pieces
 24983 | Orc:2    | Bought a potion of heal wounds for 75 gold pieces
 24985 | Orc:2    | Bought a wand of flame (18) for 150 gold pieces
 24994 | Orc:2    | Bought a Necronomicon for 896 gold pieces
 24994 | Orc:2    | Bought a Grand Grimoire for 544 gold pieces
 25387 | Shoals:1 | Entered Level 1 of the Shoals
 25557 | D:15     | Bought an amulet of reflection for 330 gold pieces
 26857 | Shoals:1 | Found a burning altar of Makhleb.
 26862 | Shoals:1 | Noticed a kraken
 26890 | Shoals:1 | Killed a kraken
 27692 | Shoals:2 | Noticed a kraken
 27734 | Shoals:2 | Killed a kraken
 28051 | Shoals:2 | Reached XP level 17. HP: 133/133 MP: 33/33
 28740 | Shoals:3 | Noticed a kraken
 28817 | Shoals:3 | Killed a kraken
 29051 | Shoals:3 | Noticed Donald
 29060 | Shoals:3 | Killed Donald
 29091 | Shoals:3 | Killed from afar by a water nymph

Illustrated notes

Levels and vault maps discovered:
D:1:      lordsloth_arrival_two_stooges, layout_loops_ring,
          minmay_misc_feat_tower
D:2:      layout_loops_corners
D:3:      layout_basic, serial_corexii_hall, corexii_hall_statues_s,
          corexii_hall_statues_i, corexii_hall_statues_x,
          chequers_hall_statues_wall_a, supply_closet_lemuel, minmay_ruptured
D:4:      minmay_goblin_kobold_castle, layout_loops_ring, doesnt_xom_only_xom,
          minmay_temple_entry_junction, serial_shops, nicolae_shop_statue_plus,
          kennysheep_small_circle
D:5:      layout_basic
D:6:      layout_basic, uniq_crazy_yiuf_cottage
D:7:      layout_basic
D:8:      layout_rooms, general_overflow_altar, mainiacjoe_overflow_chevrons,
          enter_bailey_2
D:9:      layout_irregular_city, nicolae_hepliaklqana_hippocampus,
          mainiacjoe_overflow_concentric_impassable, minitemple
D:10:     layout_cave_pools
D:11:     layout_roguey, lair_entry_dummy, david_orc_2, ebering_ghost_xom,
          grunt_ministairs_7, uniq_psyche
D:12:     minmay_isolated_rectangles_in_corner, layout_long_grid
D:13:     layout_roguey, special_room [special_room_bee]
D:14:     layout_layer_cave, david_vaults_1, grunt_decor_one_mirror,
          serial_bayou_ford_a, nicolae_sif_muna_condensation, uniq_snorg
D:15:     grunt_enter_depths_snipers, layout_irregular_city, serial_shops,
          nicolae_shop_advertising_works [nicolae_subvault_shop_adworks],
          minmay_misc_feat_more_columns, nicolae_ru_sacrificial_ziggurat,
          uniq_nessos
Temple:   jpeg_temple_clearing
Lair:1:   layout_regular_city, hangedman_lair_generics_rect
Lair:2:   layout_cave_shapes, shoals_dummy_entry, grunt_megastairs_5
Lair:3:   layout_roguey, spider_nest_entry_funnel_web, minmay_shattered_shrine,
          grunt_megastairs_4
Lair:4:   layout_misc_corridors
Lair:5:   layout_loops_ring, nicolae_lair_lindhole, grunt_megastairs_1
Lair:6:   due_jungle_book, layout_regular_city, slime_altar_1
Shoals:1: layout_shoals, wheals_shoals_ruined_temple
Shoals:2: layout_shoals
Shoals:3: layout_shoals, nicolae_shoals_kraken_intersection, uniq_donald,
          uniq_mara
Orc:1:    layout_diamond_mine, trog_butcher_becter, uniq_fannar
Orc:2:    st_orc_mages, layout_caves, nicolae_volcano_entry_hallway

Skill      XL: |  1  2  3  4  5  6  7  8  9 10 11 12 13 14 15 16 |
---------------+-------------------------------------------------+-----
Spellcasting   | 5 6 7 8 9 10 11 12 | 12.6
Short Blades   | 1 2 3 4 5 6 7 8 9 10 11 | 11.6
Long Blades    | 1 2 3 4 5 6 7 8 9 10 11 | 11.6
Axes           | 1 2 3 4 5 6 7 8 9 10 11 | 11.6
Polearms       | 1 2 3 4 5 6 7 8 9 10 11 | 11.6
Staves         | 1 2 3 4 5 6 7 8 9 10 11 | 11.6
Slings         | 1 2 3 4 5 6 7 8 9 10 11 | 11.6
Bows           | 1 2 3 4 5 6 7 8 9 10 11 | 11.6
Crossbows      | 1 2 3 4 5 6 7 8 9 10 11 | 11.6
Stealth        | 1 2 3 4 5 6 7 8 9 10 11 | 11.6
Shields        | 1 2 3 4 5 6 7 8 9 10 11 | 11.6
Unarmed Combat | 1 2 3 4 5 6 7 8 9 10 11 | 11.6
Invocations    | 1 2 3 4 5 6 7 8 9 10 11 12 | 12.6
Evocations     | 1 2 3 4 5 6 7 8 9 10 11 | 11.6
Conjurations   | 1 2 3 4 5 6 7 8 9 |  9.8
Hexes          | 1 2 3 4 5 6 7 8 9 |  9.8
Summonings     | 1 2 3 4 5 6 7 8 9 |  9.8
Necromancy     | 1 2 3 4 5 6 7 8 9 |  9.8
Transmutations | 1 2 3 4 5 6 7 8 9 |  9.8
Fire Magic     | 1 2 3 4 5 6 7 8 9 |  9.8
Ice Magic      | 1 2 3 4 5 6 7 8 9 |  9.8
Air Magic      | 1 2 3 4 5 6 7 8 9 |  9.8
Earth Magic    | 1 2 3 4 5 6 7 8 9 |  9.8
Poison Magic   | 1 2 3 4 5 6 7 8 9 |  9.8
Throwing       | 3 4 5 6 7 8 9 10 11 | 11.9
Armour         | 3 4 5 6 7 8 9 10 11 | 11.9
Fighting       | 5 6 7 8 9 10 11 12 | 12.4
Maces & Flails | 5 6 7 8 9 10 11 12 | 12.4
Dodging        | 5 6 7 8 9 10 11 12 | 12.4
Translocations | 6 7 8 9 10 11 | 11.2

Action                   |  1- 3 |  4- 6 |  7- 9 | 10-12 | 13-15 | 16-18 || total
-------------------------+-------+-------+-------+-------+-------+-------++-------
Melee: Mace              |   120 |   104 |       |       |       |       ||   224
       Bite              |    13 |    17 |    30 |    67 |   218 |   110 ||   455
       Whip              |       |    85 |   211 |   193 |       |       ||   489
       Punch             |       |       |     6 |     6 |       |       ||    12
       Morningstar       |       |       |    10 |   123 |   932 |   474 ||  1539
       Unarmed           |       |       |       |       |    12 |       ||    12
 Fire: Hunting sling     |     2 |    46 |   107 |    46 |       |       ||   201
       Fustibalus        |       |       |       |   192 |    56 |   179 ||   427
Throw: Boomerang         |       |     5 |       |       |     1 |       ||     6
       Javelin           |       |       |       |     1 |     1 |    10 ||    12
 Cast: Manifold Assault  |       |       |       |       |    11 |       ||    11
Invok: Temporal Distorti |       |       |     1 |       |       |       ||     1
       Slouch            |       |       |       |     2 |     4 |    10 ||    16
Evoke: Wand              |       |       |     6 |    11 |     1 |    27 ||    45
       Condenser vane    |       |       |       |     1 |     4 |     3 ||     8
       Phial of floods   |       |       |       |     1 |     1 |       ||     2
  Use: Scroll            |       |     1 |     5 |    12 |     6 |     4 ||    28
       Potion            |       |       |     1 |     3 |       |     1 ||     5
 Stab: Paralysed         |       |       |       |     3 |       |       ||     3
Armor: Scale mail        |    84 |    77 |    60 |       |       |       ||   221
       Leather armour    |     1 |       |       |       |       |       ||     1
       Steam dragon scal |       |       |     1 |     9 |       |       ||    10
       Plate armour      |       |       |       |   167 |   455 |   254 ||   876
Dodge: Dodged            |    69 |   142 |   200 |   403 |   922 |   457 ||  2193
Block: Buckler           |       |       |       |   149 |   128 |       ||   277
       Kite shield       |       |       |       |       |   602 |   624 ||  1226
       Reflection        |       |       |       |       |       |    57 ||    57

Table legend: (Time is in decaauts)
 A = Elapsed time spent in this place.
 B = Non-inter-level travel time spent in this place.
 C = Inter-level travel time spent in this place.
 D = Time resting spent in this place.
 E = Time spent auto-exploring this place.
 F = Levels seen in this place.
 G = Mean time per level.
                   A        B        C        D        E       F      G
               +--------+--------+--------+--------+--------+-----+--------+
         Total |  41486 |  38844 |   2642 |   1658 |  30462 |  29 | 1430.6 |
       Dungeon |  22389 |  20633 |   1756 |    627 |  16809 |  15 | 1492.6 |
        Temple |    164 |    115 |     49 |      0 |    100 |   1 |  164.0 |
          Lair |  11258 |  10639 |    619 |    330 |   8474 |   6 | 1876.3 |
        Shoals |   4755 |   4641 |    114 |    173 |   3600 |   3 | 1585.0 |
  Orcish Mines |   1851 |   1749 |    102 |    248 |   1043 |   2 |  925.5 |
        Bailey |    612 |    612 |      0 |    280 |    171 |   1 |  612.0 |
       Volcano |    455 |    455 |      0 |      0 |    264 |   1 |  455.0 |
               +--------+--------+--------+--------+--------+-----+--------+

Top non-repeatable levels by time:
  Lair:6: 2944 daAuts
Shoals:1: 2423 daAuts
    D:14: 2419 daAuts
    D:15: 2197 daAuts
    D:11: 2075 daAuts
  Lair:5: 2012 daAuts
  Lair:1: 1971 daAuts
     D:6: 1896 daAuts
     D:4: 1885 daAuts
     D:7: 1830 daAuts
Shoals:2: 1826 daAuts
    D:12: 1799 daAuts
  Lair:3: 1764 daAuts
   Orc:2: 1677 daAuts
     D:9: 1492 daAuts
